 Dungeon Crawl Stone Soup version 0.29.1-14-g9c671dbff4 (webtiles) character file.

Game seed: 11243128984699263008

762 nightchill the Chopper (level 7, -3/56 HPs)
             Began as a Minotaur Fighter on Feb 12, 2023.
             Was a Follower of Hepliaklqana.
             Succumbed to a water moccasin's poison
             ... on level 5 of the Dungeon.
             The game lasted 00:05:14 (4250 turns).

nightchill the Chopper (Minotaur Fighter)           Turns: 4250, Time: 00:05:15

Health: -3/56      AC: 12    Str: 23    XL:     7   Next: 51%
Magic:  8/8        EV:  9    Int:  5    God:    Hepliaklqana [*.....]
Gold:   281        SH:  4    Dex:  9    Spells: 6/6 levels left

rFire   + . .      SeeInvis .   a - +0 war axe
rCold   + . .      Faith    .   c - +0 buckler
rNeg    . . .      Spirit   .   b - +0 scale mail
rPois   .          Reflect  .   (helmet restricted)
rElec   .          Harm     .   f - scarf {rC+ rF+}
rCorr   .          Rampage  .   (no gloves)
Will    .....                   d - +0 pair of boots
Stlth   ..........              (no amulet)
HPRegen 0.18/turn               h - +4 ring of protection
MPRegen 0.11/turn               (no ring)

@: brilliant, lethally poisoned (-3 -> -23), flying
A: reduced essence, horns 2, retaliatory headbutt
a: Renounce Religion, Recall Ancestor, Ancestor Identity


You were on level 5 of the Dungeon.
You worshipped Hepliaklqana.
Hepliaklqana was aware of your devotion.
You visited 1 branch of the dungeon, and saw 5 of its levels.

You collected 281 gold pieces.

Inventory:

Hand Weapons
 a - a +0 war axe (weapon)
Armour
 b - a +0 scale mail (worn)
 c - a +0 buckler (worn)
 d - a +0 pair of boots (worn)
 f - a scarf of resistance (worn)
 q - a +0 cloak
Jewellery
 h - a +4 ring of protection (left hand)
Scrolls
 e - 3 scrolls of identify {unknown}
 i - 2 scrolls of fog {unknown}
 j - 4 scrolls of magic mapping {unknown}
 m - 2 scrolls of enchant armour {unknown}
 o - a scroll of blinking {unknown}
 p - a scroll of summoning {unknown}
 t - a scroll of enchant weapon {unknown}
 v - 2 scrolls of poison {unknown}
Potions
 g - 2 potions of flight
 k - 2 potions of heal wounds {unknown}
 l - 2 potions of curing {unknown}
 n - a potion of haste {unknown}
 r - 3 potions of brilliance
 s - 2 potions of magic {unknown}
 u - a potion of degeneration {unknown}


   Skills:
 + Level 6.2 Fighting
 * Level 7.7 Axes
 - Level 3.6 Armour
 - Level 3.6 Shields
 + Level 3.5 Invocations


You had 6 spell levels left.
You didn't know any spells.
Your spell library contained the following spells:

 Spells                   Type           Power      Damage    Failure   Level
 Necrotise                Necr           0%         1d4       86%         1
 Shock                    Conj/Air       0%         1d3       86%         1
 Slow                     Hex            0%         N/A       86%         1
 Blink                    Tloc           0%         N/A       95%         2
 Ensorcelled Hibernation  Hex/Ice        0%         N/A       95%         2
 Passwall                 Tmut/Erth      0%         N/A       95%         2
 Confusing Touch          Hex            0%         N/A       99%         3
 Gell's Gravitas          Tloc           0%         N/A       99%         3
 Lesser Beckoning         Tloc           0%         N/A       99%         3
 Swiftness                Air            0%         N/A       99%         3
 Teleport Other           Tloc           0%         N/A       99%         3
 Vampiric Draining        Necr           0%         2d6       99%         3
 Airstrike                Air            0%         2d(0-16)  100%        4
 Agony                    Necr           0%         N/A       100%        5
 Manifold Assault         Tloc           0%         N/A       100%        5
 Dispersal                Tloc           0%         N/A       100%        6


Dungeon Overview and Level Annotations

Branches:
Dungeon (5/15)
 Temple: D:4-7

Altars:
Gozag
Hepliaklqana

Shops:
D:3 :   D:4 ?


Innate Abilities, Weirdness & Mutations

Your life essence is reduced to manifest your ancestor. (-10% HP)
You have a pair of horns on your head.
You reflexively headbutt those who attack you in melee.


Message History

The water moccasin poisons you!
You hit the water moccasin.
The water moccasin is moderately wounded.
You feel very sick.
The water moccasin bites you but does no damage.
You hit the water moccasin but do no damage.
The water moccasin is moderately wounded.
You feel very sick. The water moccasin barely misses you.
You furiously retaliate!
You headbutt the water moccasin. The water moccasin barely misses you.
You barely miss the water moccasin.
The water moccasin is moderately wounded.
You feel sick. The water moccasin bites you.
You are more poisoned.
The water moccasin poisons you! The water moccasin bites you.
* * * LOW HITPOINT WARNING * * *
You are lethally poisoned!
The water moccasin poisons you!
You hit the water moccasin.
The water moccasin is heavily wounded.
* * * LOW HITPOINT WARNING * * *
You feel extremely sick. The water moccasin barely misses you.
You swap places.
* * * LOW HITPOINT WARNING * * *
You feel extremely sick.
The water moccasin barely misses Jimmeh.
Jimmeh hits the water moccasin.
The water moccasin bites Jimmeh but does no damage.
There is a stone staircase leading down here.
You see here a +0 halberd.
It was a potion of flight.
You feel very buoyant.
You fly up into the air.
* * * LOW HITPOINT WARNING * * *
You feel very sick.
Jimmeh misses the water moccasin.
The water moccasin bites Jimmeh!
It was a potion of brilliance.
You feel clever all of a sudden.
You die...

....# ... ... ...
#.# #.# #S# #R# #.
#@# .# #.# .. #!#
#. #.# #. ###
#$######.#######..
#......#.........#
#......#..########
##.....#..#
#........##


You could see the friendly Jimmeh the ancestor and a water moccasin (ally
target).

Vanquished Creatures
  Menkaure (D:4)
  Eustachio (D:4)
  A water moccasin (D:5)
  Blork the orc (D:4)
  2 jellies (D:5)
  An orc priest (D:4)
  A hound (D:4)
  Crazy Yiuf (D:3)
  An iguana (D:5)
  4 gnolls (D:5)
  2 adders
  A worm (D:5)
  A dart slug (D:3)
  4 orcs (D:4)
  7 ball pythons
  4 bats
  10 endoplasms
  3 giant cockroaches
  4 hobgoblins
  7 jackals (D:1)
  2 quokkas
  3 frilled lizards
  4 goblins
  4 kobolds
  4 rats
74 creatures vanquished.

Vanquished Creatures (collateral kills)
  A jelly (D:5)
1 creature vanquished.

Vanquished Creatures (others)
  5 plants (D:3)
5 creatures vanquished.

Grand Total: 80 creatures vanquished

Notes
Turn   | Place    | Note
-------+----------+-------------------------------------------
     0 | D:1      | nightchill the Minotaur Fighter began the quest for the
                  | Orb.
     0 | D:1      | Reached XP level 1. HP: 19/19 MP: 0/0
    99 | D:1      | Reached skill level 3 in Axes
   177 | D:1      | Reached XP level 2. HP: 22/27 MP: 1/1
   378 | D:1      | Found a faded altar of an unknown god.
  1264 | D:2      | Reached XP level 3. HP: 33/33 MP: 2/2
  1312 | D:2      | Reached skill level 4 in Axes
  1834 | D:3      | Found a hazy altar of Hepliaklqana.
  1845 | D:3      | Became a worshipper of Hepliaklqana the Forgotten
  1870 | D:3      | Found Peuque's Book Emporium.
  2092 | D:3      | Found an opulent altar of Gozag.
  2403 | D:3      | Found a runed translucent door.
  2404 | D:3      | Noticed Crazy Yiuf
  2581 | D:3      | Killed Crazy Yiuf
  2582 | D:3      | Reached XP level 4. HP: 34/41 MP: 3/3
  2753 | D:4      | Reached skill level 1 in Invocations
  2847 | D:4      | Reached skill level 5 in Axes
  2937 | D:4      | Reached XP level 5. HP: 47/47 MP: 3/5
  3046 | D:4      | Found Wapt's Magic Scroll Boutique.
  3183 | D:4      | Found the +7 staff of the Meek {protect, meekguard}
  3429 | D:4      | Reached * piety under Hepliaklqana
  3439 | D:4      | Noticed Eustachio
  3464 | D:4      | Killed Eustachio
  3465 | D:4      | Reached skill level 5 in Fighting
  3465 | D:4      | Reached skill level 6 in Axes
  3465 | D:4      | Reached XP level 6. HP: 27/50 MP: 6/6
  3637 | D:4      | Noticed Menkaure
  3645 | D:4      | Killed Menkaure
  3659 | D:4      | Noticed Blork the orc
  3666 | D:4      | Killed Blork the orc
  3867 | D:5      | Entered Level 5 of the Dungeon
  3930 | D:5      | Reached skill level 7 in Axes
  3930 | D:5      | Reached XP level 7. HP: 51/55 MP: 8/8
  4249 | D:5      | HP: 1/56 [poisoned by a water moccasin]
  4250 | D:5      | Succumbed to a water moccasin's poison

Illustrated notes

Levels and vault maps discovered:
D:1:      wander_arrival_estate, layout_basic,
          hellmonk_ecumenical_altar_prayer_group, minmay_vboxes
D:2:      layout_basic
D:3:      layout_loops_ring, nicolae_hepliaklqana_hazy_memory,
          lemuel_round_altar, serial_shops, nicolae_shop_stone,
          uniq_crazy_yiuf_cottage
D:4:      layout_basic, serial_shops, kennysheep_little_box, serial_rivers,
          chequers_serial_rivers_micro_a, chequers_serial_rivers_micro_b,
          chequers_serial_rivers_small_a, chequers_serial_rivers_marsh,
          pf_guarded_unrand_meek, uniq_menkaure, uniq_blork_the_orc,
          uniq_eustachio
D:5:      layout_rooms, minmay_manual_monstrance

Skill      XL: |  1  2  3  4  5  6  7 |
---------------+----------------------+-----
Axes           | 3 4 5 6 7 |  7.7
Fighting       | 4 5 6 |  6.2
Invocations    | 1 2 3 |  3.5
Armour         | |  3.6
Shields        | |  3.6

Action                   |  1- 3 |  4- 6 |  7- 9 || total
-------------------------+-------+-------+-------++-------
Melee: War axe           |    90 |    42 |    30 ||   162
       Headbutt          |     9 |     4 |     9 ||    22
Invok: Ancestor Identity |       |     1 |       ||     1
  Use: Potion            |       |     1 |     2 ||     3
Armor: Scale mail        |    38 |    21 |    10 ||    69
Dodge: Dodged            |    41 |    20 |    11 ||    72
Block: Buckler           |    14 |     9 |     4 ||    27
